 Dungeon Crawl Stone Soup version 0.31-a0-202-g547052bce9 (webtiles) character file.

Game seed: 2957747766470684243

1814 qw the Skirmisher (level 8, -1/46 HPs)
             Began as a Deep Elf Hunter on June 26, 2023.
             Slain by an iguana (11 damage)
             ... on level 6 of the Dungeon.
             The game lasted 00:01:21 (3359 turns).

qw the Skirmisher (Deep Elf Hunter)                 Turns: 3359, Time: 00:01:22

Health: -1/46      AC:  5    Str:  8    XL:     8   Next: 84%
Magic:  10/10      EV: 12    Int: 15    God:
Gold:   210        SH:  0    Dex: 18    Spells: 7/7 levels left

rFire   . . .        a - +2 shortbow (heavy)
rCold   . . .        (shield currently unavailable)
rNeg    . . .        j - +0 ring mail
rPois   .            (no helmet)
rElec   .            (no cloak)
rCorr   .            (no gloves)
SInv    +            (no boots)
Will    .....        g - amulet of regeneration
Stlth   +            i - ring of see invisible
HPRegen 1.07/turn    (no ring)
MPRegen 0.12/turn

%: no passive effects
@: no status effects
A: weak 1, MP-powered wands
a: no special abilities


You were on level 6 of the Dungeon.
You visited 1 branch of the dungeon, and saw 6 of its levels.

You collected 210 gold pieces.


Innate Abilities, Weirdness & Mutations

You are weak. (Str -2)
You expend magic power (3 MP) to strengthen your wands.


   Skills:
 - Level 3.2 Fighting
 + Level 13.9 Ranged Weapons
 - Level 1.6 Armour
 - Level 4.6 Dodging
 - Level 1.2 Stealth


You had 7 spell levels left.
You didn't know any spells.
Your spell library was empty.

Inventory:

Hand Weapons
 a - a +2 heavy shortbow (weapon)
Armour
 j - a +0 ring mail (worn)
Jewellery
 g - an amulet of regeneration (around neck)
 i - a ring of see invisible (left hand)
Scrolls
 h - 3 scrolls of identify
Potions
 b - 2 potions of haste
 c - a potion of curing {unknown}
 f - a potion of mutation
 k - a potion of heal wounds

Dungeon Overview and Level Annotations

Branches:
Dungeon (6/15)
 Temple: D:4-7

Altars:
Ashenzari
Cheibriados
Fedhas
Hepliaklqana
Xom

Shops:
D:5 (

Annotations:
D:4 1 runed translucent door, Crazy Yiuf


Message History

An adder comes into view.
You shoot an arrow. The arrow hits the adder!
You kill the adder!
Found 2 poisoned darts.
Found an escape hatch in the floor.
You now have 210 gold pieces (gained 21).
You open the large door.
An orc warrior, an iguana and a scorpion come into view.
The orc warrior shouts!
The scorpion closely misses you.
Found a scroll labelled NUDWEY XIMAMME and a tourmaline ring.
Enter note: You shoot an arrow.
The iguana hisses angrily.
The arrow hits the scorpion!!
You kill the scorpion!
A scorpion comes into view.
You shoot an arrow.
The arrow hits the orc warrior but does no damage.
The orc warrior closely misses you.
You shoot an arrow.
The arrow closely misses the orc warrior.
The orc warrior hits you with a +0 mace!
You shoot an arrow. The arrow hits the orc warrior!
The orc warrior is moderately wounded.
The orc warrior hits you with a +0 mace.
The iguana barely misses you.
You shoot an arrow.
The arrow hits the orc warrior but does no damage.
The orc warrior is moderately wounded.
The orc warrior hits you with a +0 mace.
The iguana barely misses you.
You shoot an arrow.
The arrow hits the orc warrior but does no damage.
The orc warrior is moderately wounded.
The orc warrior hits you with a +0 mace!
The iguana closely misses you.
The orc warrior hits you with a +0 mace!
The iguana bites you!
You die...

## .# ¤##. #.# ##...
#.# #.... #.# #¤
..=... #.# ##~
......##.# ##~~
.....?o..## #¤~~
.....sl@..######
~¤~###
#######.........
~~.#.#######
##..######
#.....##...######..#
#........#.........#
##.(..##...######..#
##.#.####### #...#
.....# #.#.# #.####
#.#.#


You could see an orc warrior, a scorpion and an iguana.

Vanquished Creatures
  Grinder (D:4)
  A wraith (D:5)
  Eustachio (D:5)
  Menkaure (D:5)
  2 black bears
  An ogre (D:6)
  A centaur (D:5)
  4 scorpions
  4 wights (D:6)
  2 hounds
  An orc priest (D:5)
  Ijyb (D:4)
  2 sleepcaps
  4 orc wizards
  9 adders
  3 ufetubi
  A worm (D:2)
  A dart slug (D:3)
  12 orcs
  8 endoplasms
  A giant cockroach (D:4)
  5 goblins
  5 hobgoblins
  4 jackals (D:3)
  8 kobolds
  4 quokkas
  6 ball pythons (D:1)
  4 bats
  3 frilled lizards
  6 rats
106 creatures vanquished.

Vanquished Creatures (others)
  A quokka (D:5)
1 creature vanquished.

Grand Total: 107 creatures vanquished

Notes
Turn   | Place    | Note
-------+----------+-------------------------------------------
     0 | D:1      | qw the Deep Elf Hunter began the quest for the Orb.
     0 | D:1      | Reached XP level 1. HP: 12/12 MP: 3/3
     0 | D:1      | 0 ||| qw: Version: 0.3-a-22-g0ed2b0b
     0 | D:1      | 0 ||| qw: Game counter: 6157
     0 | D:1      | 0 ||| qw: Melee chars always use a shield: true
     0 | D:1      | 0 ||| qw: God list: Okawaru
     0 | D:1      | 0 ||| qw: Allow faded altars: false
     0 | D:1      | 0 ||| qw: Do Orc after clearing Dungeon:15 true
     0 | D:1      | 0 ||| qw: Do second Lair branch before Depths: true
     0 | D:1      | 0 ||| qw: Lair rune preference: random
     0 | D:1      | 0 ||| qw: Goals: Normal
     0 | D:1      | 0 ||| PLANNING D:1-11
    66 | D:1      | Reached XP level 2. HP: 16/16 MP: 4/4
    68 | D:1      | Reached skill level 6 in Ranged Weapons
   620 | D:1      | 620 ||| UPGRADING to amulet of regeneration.
   625 | D:1      | 625 ||| READING scroll labelled XONGALE EPUNNA.
   626 | D:1      | 626 ||| DROPPING scroll of butterflies.
   692 | D:2      | Reached XP level 3. HP: 19/20 MP: 5/5
   734 | D:2      | Reached skill level 7 in Ranged Weapons
  1305 | D:2      | 1305 ||| UPGRADING to +0 ring mail.
  1315 | D:2      | 1315 ||| DROPPING +0 leather armour.
  1316 | D:2      | 1316 ||| UPGRADING to ring of see invisible.
  1317 | D:2      | 1317 ||| READING scroll labelled OCIZXO JATA.
  1326 | D:2      | 1326 ||| READING 3 scrolls labelled TOSESA JAORAA.
  1327 | D:2      | 1327 ||| READING scroll labelled BOGUPALI FUZYU.
  1328 | D:2      | 1328 ||| DRINKING 2 puce potions.
  1329 | D:2      | 1329 ||| READING 2 scrolls of identify.
  1329 | D:2      | 1329 ||| IDENTIFYING lumpy sapphire potion
  1330 | D:2      | 1330 ||| DROPPING potion of ambrosia.
  1424 | D:3      | Reached XP level 4. HP: 25/25 MP: 6/6
  1442 | D:3      | Reached skill level 8 in Ranged Weapons
  1575 | D:3      | Reached XP level 5. HP: 29/29 MP: 7/7
  1797 | D:3      | Found a blossoming altar of Fedhas.
  1935 | D:3      | 1935 ||| READING scroll labelled OCIWA PIANIR.
  1936 | D:3      | 1936 ||| READING scroll labelled KOVAMP QUUW.
  1937 | D:3      | 1937 ||| READING scroll labelled TERACILI NAISCH.
  1938 | D:3      | 1938 ||| DRINKING 2 lumpy red potions.
  1939 | D:3      | 1939 ||| DRINKING 2 sapphire potions.
  1940 | D:3      | 1940 ||| DROPPING potion of degeneration.
  2002 | D:4      | Found a snail-covered altar of Cheibriados.
  2039 | D:4      | Noticed Grinder
  2042 | D:4      | Paralysed by Grinder for 3 turns
  2047 | D:4      | Paralysed by Grinder for 5 turns
  2052 | D:4      | Killed Grinder
  2053 | D:4      | Reached skill level 10 in Ranged Weapons
  2053 | D:4      | Reached XP level 6. HP: 18/34 MP: 8/8
  2074 | D:4      | Found a broken altar of Ashenzari.
  2112 | D:4      | Noticed Ijyb
  2121 | D:4      | Killed Ijyb
  2176 | D:4      | Reached skill level 3 in Dodging
  2196 | D:4      | Found a runed translucent door.
  2197 | D:4      | Noticed Crazy Yiuf
  2311 | D:4      | Reached XP level 7. HP: 12/40 MP: 9/9
  2340 | D:4      | Found a shimmering altar of Xom.
  2574 | D:4      | 2574 ||| READING scroll labelled WYULLEANANN.
  2575 | D:4      | 2575 ||| READING 2 scrolls of identify.
  2575 | D:4      | 2575 ||| IDENTIFYING green potion
  2576 | D:4      | 2576 ||| DROPPING potion of invisibility.
  2609 | D:5      | Entered Level 5 of the Dungeon
  2616 | D:5      | Noticed Menkaure
  2619 | D:5      | Killed Menkaure
  2620 | D:5      | Reached skill level 11 in Ranged Weapons
  2639 | D:5      | 2639 ||| Stepping ~*~*~tactically~*~*~ (outnumbered).
  2647 | D:5      | Reached skill level 12 in Ranged Weapons
  2708 | D:5      | Found a hazy altar of Hepliaklqana.
  2735 | D:5      | Reached skill level 1 in Armour
  2751 | D:5      | 2751 ||| READING scroll of enchant weapon.
  2751 | D:5      | 2751 ||| ENCHANTING +0 heavy shortbow.
  2777 | D:5      | Noticed a wraith
  2787 | D:5      | Killed a wraith
  2788 | D:5      | Reached skill level 3 in Fighting
  2788 | D:5      | Reached XP level 8. HP: 35/46 MP: 10/10
  2797 | D:5      | Noticed Eustachio
  2812 | D:5      | Killed Eustachio
  2923 | D:5      | Found Vydwoato's Weapon Emporium.
  2934 | D:5      | 2934 ||| SHOPLISTING +1 hand crossbow of freezing (186
                  | gold, have 166).
  2934 | D:5      | 2934 ||| SHOPLISTING +2 orcbow of freezing (256 gold, have
                  | 166).
  3136 | D:5      | 3136 ||| READING scroll labelled OROFAI UCVE.
  3137 | D:5      | 3137 ||| DRINKING 2 fuming blue potions.
  3137 | D:5      | Gained mutation: You are weak. (Str -2) [potion of
                  | mutation]
  3137 | D:5      | Gained mutation: You expend magic power (3 MP) to
                  | strengthen your wands. [potion of mutation]
  3166 | D:6      | Reached skill level 13 in Ranged Weapons
  3201 | D:6      | 3201 ||| READING scroll of enchant weapon.
  3201 | D:6      | 3201 ||| ENCHANTING +1 heavy shortbow.
  3359 | D:6      | HP: 10/46 [orc warrior/+0 mace (13)]
  3359 | D:6      | Slain by an iguana

Levels and vault maps discovered:
D:1:      co_arrival_random_square_maze, layout_basic
D:2:      layout_basic, serial_forest, infiniplex_forest_clump_large,
          infiniplex_forest_end_1, infiniplex_forest_straight_2,
          infiniplex_forest_end_2, lightli_corner_chamber
D:3:      layout_loops_ring, mainiacjoe_overflow_catwalk,
          kennysheep_generic_room_12
D:4:      layout_basic, xom_teletrap_fun, mainiacjoe_overflow_chevrons,
          lemuel_round_altar, kennysheep_generic_room_16,
          uniq_crazy_yiuf_cottage, uniq_ijyb, uniq_grinder
D:5:      layout_basic, mainiacjoe_overflow_alcove_2, serial_shops,
          nicolae_shop_stone, lemuel_flamethrower_2, uniq_menkaure,
          uniq_eustachio
D:6:      layout_loops_ring, kennysheep_opposing_triangles, uniq_edmund,
          uniq_sigmund, uniq_blork_the_orc, uniq_maggie

Skill      XL: |  1  2  3  4  5  6  7  8 |
---------------+-------------------------+-----
Ranged Weapons | 6 7 8 10 12 13 | 13.9
Fighting       | 2 3 |  3.2
Dodging        | 3 4 |  4.6
Armour         | 1 |  1.6
Stealth        | |  1.2

Action                     |  1- 3 |  4- 6 |  7- 9 || total
---------------------------+-------+-------+-------++-------
   Fire: Shortbow          |    93 |    89 |    82 ||   264
    Use: Scroll            |     5 |     3 |     5 ||    13
         Potion            |     1 |     2 |     1 ||     4
 Armour: Leather armour    |     2 |       |       ||     2
         Ring mail         |       |    14 |     5 ||    19
  Dodge: Dodged            |    12 |    17 |    38 ||    67

Table legend:
 A = Non-vault XP
 B = Vault XP
 C = Vault XP percentage of total XP
 D = Non-vault monster count
 E = Vault monster count
 F = Vault count percentage of total count
                 A         B        C        D         E       F
            +---------+---------+-------+---------+---------+-------
      Total |    1910 |     682 |  26.3 |     101 |       5 |   4.7
            +---------+---------+-------+---------+---------+-------
        D:1 |      35 |       0 |   0.0 |      23 |       0 |   0.0
        D:2 |      45 |       0 |   0.0 |      11 |       0 |   0.0
        D:3 |     160 |       2 |   1.2 |      32 |       1 |   3.0
        D:4 |     235 |     315 |  57.3 |      10 |       2 |  16.7
        D:5 |     920 |     365 |  28.4 |      17 |       2 |  10.5
        D:6 |     515 |       0 |   0.0 |       8 |       0 |   0.0
            +---------+---------+-------+---------+---------+-------
